 Dungeon Crawl Stone Soup version 0.20-a0-876-g2c7b0bf (webtiles) character file.

300669 M4edhros the Peltast (level 21, -1/141 HPs)
             Began as an Octopode Necromancer on Mar 14, 2017.
             Was the Champion of Cheibriados.
             Slain by a harpy (6 damage)
             ... on level 5 of the Vaults on Mar 15, 2017.
             The game lasted 01:56:02 (20060 turns).

M4edhros the Peltast (Octopode Necromancer)        Turns: 20060, Time: 01:56:03

Health: -1/141     AC:  7    Str: 25    XL:     21   Next: 2%
Magic:  0/47       EV: 36    Int: 35    God:    Cheibriados [******]
Gold:   1012       SH: 19    Dex: 41    Spells: 5/47 levels left

rFire    + . .     SeeInvis +     - Unarmed
rCold    + . .     Gourm    .   z - +2 shield
rNeg     + . .     Faith    .   Y - +2 hat {Int+3}
rPois    +         Spirit   +   F - amulet "Zepryl" {Spirit rN+ MR+ Str-3 Dex+3}
rElec    +         Reflect  .   f - ring of see invisible
rCorr    .         Harm     .   j - ring of Salvation {rElec rC+ MR+ Str+2 Slay+5}
MR       ++++.                  p - +4 ring of protection
Stlth    +++++.....             c - ring of protection from fire
Regen    0.4/turn               y - ring of wizardry
MPRegen  0.3/turn               m - +5 ring of evasion
                                E - +2 ring of evasion
                                S - ring of magical power

@: very slightly contaminated, very slow
A: almost no armour, stealthy swim, amphibious, 8 rings, constrict 8, tentacle
spike 1, camouflage 1, agile 1, magic resistance 1, mutation resistance 1, sense
surroundings 1, poison resistance, strong 1, gelatinous body 1
}: 2/15 runes: decaying, gossamer
a: Bend Time, Temporal Distortion, Slouch, Step From Time, Renounce Religion


You were on level 5 of the Vaults.
You worshipped Cheibriados.
Cheibriados was exalted by your worship.
You were very hungry.

You visited 8 branches of the dungeon, and saw 40 of its levels.
You visited the Abyss 1 time.
You also visited: Labyrinth and Ice Cave.

You collected 2775 gold pieces.
You spent 1763 gold pieces at shops.

Inventory:

Hand Weapons
 G - a +0 blowgun
Missiles
 H - 20 curare-tipped needles
 L - 17 poisoned needles
Armour
 z - a +2 shield (worn)
 Y - a +2 hat of intelligence (worn)
Jewellery
 c - a ring of protection from fire (on tentacle)
 e - an uncursed amulet of guardian spirit {unknown}
 f - a ring of see invisible (left tentacle)
 j - the ring of Salvation (right tentacle) {rElec rC+ MR+ Str+2 Slay+5}
   (You found it on level 3 of the Elven Halls)

   [ring of protection from cold]

   It affects your strength (+2).
   It affects your accuracy and damage with ranged weapons and melee attacks
   (+5).
   It protects you from cold.
   It insulates you from electricity.
   It affects your resistance to hostile enchantments.
 m - a +5 ring of evasion (on tentacle)
 p - a +4 ring of protection (on tentacle)
 u - an uncursed ring of protection from cold
 y - a ring of wizardry (on tentacle)
 E - a +2 ring of evasion (on tentacle)
 F - the amulet "Zepryl" (around mantle) {Spirit rN+ MR+ Str-3 Dex+3}
   (You found it on level 3 of the Elven Halls)

   [amulet of guardian spirit]

   It causes incoming damage to be split between your health and magic.
   It affects your strength (-3).
   It affects your dexterity (+3).
   It protects you from negative energy.
   It affects your resistance to hostile enchantments.
 Q - an uncursed ring of ice
 S - a ring of magical power (on tentacle)
Wands
 d - a wand of iceblast (6/15)
 g - a wand of acid (8/15)
 l - a wand of clouds (2/9)
 w - a wand of paralysis (10/24)
 B - a wand of iceblast (5/15)
 K - a wand of lightning (11/15)
 P - a wand of enslavement (10/24)
Scrolls
 h - 2 scrolls of fear
 n - 7 scrolls of enchant weapon
 t - 2 scrolls of teleportation
 D - 3 scrolls of vulnerability
 N - a scroll of identify
 V - 5 scrolls of enchant armour
 X - 3 scrolls of recharging
Potions
 k - a potion of invisibility
 o - 2 potions of cancellation
 r - 5 potions of curing
 v - 6 potions of heal wounds
 A - 2 potions of brilliance
 R - a potion of mutation
 T - 4 potions of ambrosia
 U - 3 potions of lignification
Books
 C - a book of Alchemy

   Spells                             Type                      Level
   a - Sublimation of Blood           Necromancy                   2
   b - Ignite Poison                  Fire/Transmutation/Poison    3
   c - Petrify                        Transmutation/Earth          4
   d - Alistair's Intoxication        Transmutation/Poison         5
   e - Irradiate                      Conjuration/Transmutation    5
 I - a book of Battle

   Spells                             Type                      Level
   a - Infusion                       Charms                       1
   b - Shroud of Golubria             Charms/Translocation         2
   c - Song of Slaying                Charms                       2
   d - Spectral Weapon                Hexes/Charms                 3
   e - Regeneration                   Charms/Necromancy            3
Miscellaneous
 x - a box of beasts
 J - a phantom mirror
 M - 2 sacks of spiders
 O - a lamp of fire
 W - a lightning rod (4/4)
Comestibles
 a - a bread ration
 b - 12 royal jellies
 q - 19 fruits
 s - 12 meat rations


   Skills:
 + Level 11.5 Fighting
 + Level 11.2 Dodging
 - Level 2.6 Stealth
 - Level 15.3 Shields
 + Level 12.6 Unarmed Combat
 * Level 13.6 Spellcasting
 - Level 5.1 Conjurations
 - Level 4.2 Charms
 * Level 9.1 Necromancy
 - Level 8.8 Transmutations
 - Level 6.6 Ice Magic
 - Level 11.2 Air Magic
 - Level 9.1 Earth Magic
 - Level 6.3 Poison Magic
 - Level 7.6 Invocations
 * Level 8.8 Evocations


You had 5 spell levels left.
You knew the following spells:

 Your Spells              Type           Power        Failure   Level  Hunger
a - Pain                  Necr           ####         1%          1    None
b - Statue Form           Tmut/Erth      ######...    4%          6    ###....
c - Regeneration          Chrm/Necr      ######....   1%          3    None
d - Mephitic Cloud        Conj/Pois/Air  ######..     1%          3    None
e - Blink                 Tloc           N/A          1%          2    None
f - Confusing Touch       Hex            ###...       1%          1    None
g - Apportation           Tloc           ###...       1%          1    None
h - Animate Dead          Necr           N/A          1%          4    None
i - Conjure Flame         Conj/Fire      #####...     1%          3    None
j - Freezing Cloud        Conj/Ice/Air   ######....   4%          6    ###....
k - Deflect Missiles      Chrm/Air       ######....   4%          6    ###....
l - Summon Lightning Spi  Summ/Air       ######..     1%          4    None
m - Song of Slaying       Chrm           ######..     1%          2    None


Dungeon Overview and Level Annotations

Branches:
Dungeon (15/15)            Temple (1/1) D:7            Lair (6/6) D:10
  Swamp (4/4) Lair:3       Spider (4/4) Lair:4        Slime (0/5) Lair:5
    Orc (2/2) D:9             Elf (3/3) Orc:2        Vaults (5/5) D:13
 Depths (0/5) D:15
  Crypt: Vaults:2-3

Altars:
Ashenzari
Cheibriados
Dithmenos
Elyvilon
Fedhas
Gozag
Kikubaaqudgha
Makhleb
Nemelex Xobeh
Okawaru
Qazlal
Ru
Sif Muna
Trog
Uskayaw
Vehumet
Wu Jian
Xom
Yredelemnul
Zin
The Shining One
Beogh
Jiyva

Shops:
D:5 [   D:7 :   D:9 %   D:13 =   Orc:2 *}![*

Portals:
Pandemonium: Orc:2
Trove: D:14 (give horn of Geryon)

Annotations:
D:5 Edmund
D:6 lupus83's ghost, novice TrFi
D:12 Erolcha
Lair:5 exclusion: 2 oklob plants
Vaults:2 Saint Roka


Innate Abilities, Weirdness & Mutations

You cannot wear most types of armour.
You are very stealthy in the water. (Stealth+)
You are amphibious.
You can wear up to eight rings at the same time.
You can use your tentacles to constrict eight enemies at once.
Your skin changes colour to match your surroundings (Stealth+).
Your rubbery body absorbs attacks. (AC +1, EV +1)
One of your tentacles bears a spike.
You are agile. (Dex +2)
You are resistant to hostile enchantments. (MR+)
You are somewhat resistant to further mutation.
You passively map a small area around you.
Your system is resistant to poisons. (rPois)
Your muscles are strong. (Str +2)


Message History

* * * LOW HITPOINT WARNING * * *
The yaktaur completely misses you.
The deep elf knight points at you and mumbles some strange words.
The stone arrow misses you. You block the yaktaur's attack.
The deep elf knight completely misses you.
The deep elf knight casts a spell.
The deep elf knight flickers and vanishes for a moment.
A frost giant comes into view. It is wielding a battleaxe of freezing.
Unknown command.
Unknown command.
Unknown command.
Unknown command.
Okay, then.
Blink to where?
Press: ? - help, Dir - move target cursor You are very lightly contaminated with residual magic.
As you read the scroll of blinking, it crumbles to dust. 3 harpies come into view.
The harpy completely misses you. The harpy claws you!
You die...

* * * , .. ,. , , , ...
. , , , .#.##. #######
...... .......
......#,.......
.......#......., * , ,
...............
...H..H@.............#
*
..#...H...............
,
...#..........#.......
, .
.............#.....#
...........c.:..#.....
*.................#....
.#.....#.....c.)..#...
, .#....,#....e§..)....
, , , ..#.}.ceD9..... ,


You could see a deep elf knight (invisible), 2 yaktaurs and 3 harpies.

Vanquished Creatures
  3 golden dragons
  A bone dragon (Abyss:3)
  Arachne (Spider:4)
  A quicksilver dragon (Vaults:5)
  A deep elf blademaster (Elf:3)
  A quicksilver dragon (shapeshifter) (Vaults:4)
  A thorn hunter (Swamp:4)
  A tentacled starspawn (Abyss:3)
  Gastronok (Lair:3)
  2 shadow dragons (Vaults:4)
  A storm dragon (Vaults:4)
  A tengu reaver (Vaults:5)
  2 frost giants
  A fire giant (Vaults:1)
  6 deep elf sorcerers
  An orc warlord (Orc:1)
  A ghoul (Swamp:2)
  Aizul (Spider:2)
  2 emperor scorpions (Spider:4)
  2 vault wardens
  4 ghost moths (Spider:4)
  3 deep elf elementalists
  An entropy weaver (Spider:4)
  4 ironheart preservers
  3 very ugly things
  9 deep elf demonologists
  The ghost of Toogi the Fighter, a journeyman DrTm of Nemelex Xobeh (Lair:2)
  A spark wasp (Spider:3)
  4 deep elf annihilators (Elf:3)
  Azrael (Orc:2)
  A spark wasp (shapeshifter) (Vaults:4)
  A crystal guardian (Vaults:3)
  2 ettins
  2 green deaths
  3 deep elf death magi
  A fire dragon (Vaults:5)
  A minotaur (Lab)
  A death ooze (Swamp:4)
  3 great orbs of eyes
  7 deep elf high priests
  Harold (D:12)
  2 ogre magi
  5 yaktaur captains
  An ice dragon (Vaults:3)
  2 hell beasts (Swamp:4)
  13 hydras
  30 vault guards
  3 catoblepae
  4 centaur warriors
  3 dancing weapons
  8 alligators
  A deep troll shaman (Vaults:4)
  2 vampire magi (Vaults:2)
  9 two-headed ogres
  4 tengu warriors (D:15)
  7 death yaks
  Urug (Lair:3)
  2 thrashing horrors
  A deep troll earth mage (Vaults:3)
  9 deep elf knights
  4 orc high priests (Orc:2)
  Nergalle (Lair:1)
  Sonja (D:10)
  A fire crab (shapeshifter) (Vaults:2)
  A gelid demonspawn (Orc:2)
  2 unseen horrors (D:14)
  A deep troll (shapeshifter) (Vaults:2)
  2 spriggan druids
  2 flayed ghosts
  4 deep trolls
  5 deep elf archers
  A torturous demonspawn (Orc:2)
  6 swamp dragons
  5 wizards
  A harpy (shapeshifter) (D:13)
  8 orc knights
  28 deep elf magi
  A necromancer (D:15)
  5 ironbrand convokers
  16 wolf spiders
  3 phantasmal warriors
  25 ugly things
  3 manticores
  7 orb spiders
  9 orc sorcerers
  2 cyclopes
  2 moths of wrath
  2 black mambas
  3 vault sentinels
  A rust devil (Orc:2)
  5 elephants (Lair:6)
  2 orange demons
  11 spiny frogs
  A torpor snail (Spider:2)
  2 ice statues (IceCv)
  A spiny frog (shapeshifter) (Vaults:2)
  A rime drake (Lair:6)
  3 freezing wraiths
  5 komodo dragons
  A komodo dragon (shapeshifter) (D:13)
  8 demonic crawlers
  2 kobold demonologists (D:14)
  17 yaktaurs
  8 ice devils (IceCv)
  2 hellwings
  5 trolls
  11 hornets
  20 jumping spiders
  4 tyrant leeches
  10 blink frogs (Lair:6)
  2 hippogriffs
  Grinder (D:4)
  29 slime creatures
  6 dream sheep (Lair:5)
  A raiju (Abyss:3)
  4 large abominations
  9 bog bodies
  2 centaur simulacra (D:15)
  A vampire (D:15)
  7 spriggans
  10 shadows
  2 wraiths
  A ynoxinul (Orc:2)
  36 yaks
  18 tarantellas
  41 redbacks
  3 wyverns
  4 small abominations
  Eustachio (D:4)
  3 hungry ghosts
  7 fire elementals
  9 vampire mosquitoes (Swamp:4)
  5 basilisks
  Grum (D:10)
  A warg (Orc:1)
  2 insubstantial wisps (Swamp:4)
  8 water moccasins
  5 hell hounds
  10 swamp worms
  4 porcupines
  3 ice beasts
  46 orc warriors
  4 sky beasts
  7 swamp drakes
  3 slaves
  A hornet zombie (D:8)
  6 starcursed masses (Abyss:3)
  4 eyes of draining
  6 phantoms
  2 necrophages
  19 ogres
  8 wolves
  3 boggarts (Vaults:2)
  7 centaurs
  7 crocodiles
  4 big kobolds
  A gnoll sergeant (Orc:2)
  10 bullfrogs
  An earth elemental (Elf:1)
  A wyvern zombie (D:12)
  A water moccasin zombie (D:6)
  4 scorpions
  4 wights
  9 electric eels
  2 howler monkeys
  5 crimson imps
  4 centaur zombies
  3 jellies
  3 bullfrog skeletons
  6 hounds
  24 orc priests
  23 orc wizards
  3 iguanas
  4 worker ants
  8 adders
  6 gnolls
  A howler monkey skeleton (D:6)
  9 white imps (IceCv)
  9 ufetubi (IceCv)
  2 oozes
  An adder skeleton (D:8)
  3 worms
  3 dart slugs
  3 leopard geckos
  73 orcs
  2 giant cockroaches
  4 goblins
  2 hobgoblins (D:3)
  5 jackals
  5 quokkas
  2 bats
  2 frilled lizards (D:3)
  A jackal skeleton (D:8)
  11 kobolds
  2 rats (D:2)
  A plant (Lair:5)
  4 starspawn tentacles (Abyss:3)
1093 creatures vanquished.

Vanquished Creatures (collateral kills)
  Frances (Swamp:1)
  A vault warden (Vaults:5)
  An emperor scorpion (Spider:4)
  An orc warlord (Orc:1)
  A deep elf demonologist (Elf:3)
  A deep elf annihilator (Elf:3)
  A spark wasp (Spider:4)
  A green death (Swamp:4)
  A deep elf high priest (Elf:3)
  2 hydras
  2 vault guards (Vaults:5)
  A catoblepas (Lair:6)
  5 alligators
  A two-headed ogre (D:9)
  A death yak (Lair:6)
  An ogre mage (Vaults:2)
  An orc high priest (Orc:2)
  A deep elf archer (Elf:3)
  Pikel (D:9)
  3 swamp dragons
  4 orb spiders
  6 wolf spiders
  2 deep elf magi (Elf:3)
  An oklob plant (Lair:5)
  An elephant (Lair:6)
  An orange demon (Orc:2)
  2 black mambas (Lair:6)
  6 spiny frogs
  2 demonic crawlers (Spider:4)
  A komodo dragon (Lair:6)
  A freezing wraith (Vaults:3)
  2 yaktaurs
  A troll (Orc:1)
  3 jumping spiders
  2 tyrant leeches
  2 hornets (Swamp:4)
  A dream sheep (Lair:6)
  A blink frog (Lair:6)
  4 slime creatures
  4 bog bodies
  2 hippogriffs
  12 redbacks
  6 tarantellas
  5 yaks
  2 shadows
  2 spriggans
  A wyvern (Lair:5)
  An insubstantial wisp (Swamp:4)
  5 swamp worms
  2 porcupines
  3 water moccasins
  A swamp drake (Swamp:4)
  A sky beast (D:11)
  An ogre (D:13)
  A phantom (D:8)
  A wolf (D:10)
  2 crocodiles
  3 bullfrogs
  2 jellies
  An orc wizard (Orc:2)
  An orc priest (Orc:2)
  A worker ant (D:10)
  A hound zombie (D:11)
  An adder (D:9)
  7 orcs
  A kobold (D:10)
  3 bushes (Lair:6)
  3 fungi
  5 plants
  4 withered plants (Swamp:2)
156 creatures vanquished.

Vanquished Creatures (others)
  A titan (Vaults:5)
  A reaper (IceCv)
  A hydra (Swamp:4)
  An orange demon (Swamp:4)
  A bog body (Swamp:2)
  A spriggan (Swamp:4)
  A swamp worm (Swamp:4)
  A slave (D:9)
  A white imp (IceCv)
  2 ufetubi (IceCv)
  An orc (Vaults:2)
  2 fungi
  6 plants (Lair:6)
  A starspawn tentacle (Abyss:3)
  4 withered plants (Swamp:2)
25 creatures vanquished.

Grand Total: 1274 creatures vanquished

Notes
Turn   | Place    | Note
-------+----------+-------------------------------------------
     0 | D:1      | M4edhros the Octopode Necromancer began the quest for the Orb.
     0 | D:1      | Reached XP level 1. HP: 11/11 MP: 3/3
    67 | D:1      | Reached skill level 1 in Unarmed Combat
    81 | D:1      | Reached XP level 2. HP: 9/17 MP: 0/5
   112 | D:2      | Found a stormy altar of Qazlal.
   130 | D:2      | Found a white marble altar of Elyvilon.
   130 | D:2      | Found a sparkling altar of Nemelex Xobeh.
   134 | D:2      | Found an ornate altar of the Wu Jian Council.
   203 | D:2      | Learned a level 1 spell: Animate Skeleton
   386 | D:2      | Found a basalt altar of Yredelemnul.
   409 | D:2      | Reached XP level 3. HP: 17/21 MP: 3/6
   414 | D:2      | Learned a level 3 spell: Regeneration
   604 | D:4      | Noticed Edmund
   742 | D:3      | Found a blossoming altar of Fedhas.
   767 | D:3      | Found a bloodstained altar of Trog.
   768 | D:3      | Found an iron altar of Okawaru.
   780 | D:3      | Reached XP level 4. HP: 15/27 MP: 1/7
   841 | D:3      | Found a basalt altar of Yredelemnul.
   841 | D:3      | Found a blossoming altar of Fedhas.
   932 | D:4      | Noticed an ogre
   936 | D:4      | Noticed Grinder
   940 | D:5      | Entered Level 5 of the Dungeon
  1188 | D:6      | Reached XP level 5. HP: 27/31 MP: 5/8
  1196 | D:6      | Reached skill level 5 in Unarmed Combat
  1205 | D:6      | Noticed lupus83's ghost (novice TrFi)
  1321 | D:6      | Noticed an ogre
  1362 | D:6      | Reached XP level 6. HP: 33/36 MP: 9/9
  1597 | D:5      | You fall through a shaft for 2 floors!
  1646 | D:7      | Noticed an orc warrior
  1761 | D:7      | Found a staircase to the Ecumenical Temple.
  1761 | D:7      | Noticed a water moccasin
  1768 | D:7      | Killed a water moccasin
  1779 | Temple   | Entered the Ecumenical Temple
  1805 | Temple   | Became a worshipper of Cheibriados the Contemplative
  2019 | D:5      | Reached XP level 7. HP: 39/41 MP: 10/10
  2044 | D:5      | Found Vosmoust's Antique Armour Shoppe.
  2101 | D:4      | Paralysed by Grinder for 7 turns
  2116 | D:4      | Killed Grinder
  2116 | D:4      | Reached skill level 1 in Fighting
  2305 | D:4      | Noticed Eustachio
  2319 | D:4      | Killed Eustachio
  2319 | D:4      | Reached XP level 8. HP: 51/51 MP: 7/11
  2581 | D:7      | Found an iron altar of Okawaru.
  2709 | D:7      | Found Yciecsoq's Book Emporium.
  2866 | D:7      | Reached * piety under Cheibriados
  3024 | D:8      | Reached skill level 5 in Dodging
  3067 | D:8      | Reached XP level 9. HP: 58/59 MP: 12/12
  3081 | D:8      | Noticed a two-headed ogre
  3182 | D:8      | Reached skill level 1 in Evocations
  3298 | D:8      | Found a shimmering altar of Xom.
  3476 | D:8      | Killed a two-headed ogre
  3476 | D:8      | Reached skill level 5 in Fighting
  3476 | D:8      | Reached skill level 2 in Shields
  3488 | D:9      | Found Areseguf's Food Boutique.
  3488 | D:9      | Noticed Pikel
  3563 | D:8      | Reached ** piety under Cheibriados
  3643 | D:9      | Found a staircase to the Orcish Mines.
  3673 | D:9      | Reached skill level 3 in Shields
  3676 | D:9      | Found a roughly hewn altar of Beogh.
  3858 | D:7      | Bought a book of Minor Magic for 300 gold pieces
  3862 | D:7      | Learned a level 3 spell: Mephitic Cloud
  3865 | D:7      | Learned a level 2 spell: Blink
  4076 | D:9      | Reached skill level 4 in Shields
  4076 | D:9      | Reached XP level 10. HP: 32/68 MP: 13/13
  4136 | D:9      | Noticed a two-headed ogre
  4145 | D:9      | Killed a two-headed ogre
  4178 | D:9      | Killed Pikel
  4178 | D:9      | Reached skill level 5 in Shields
  4209 | D:9      | Found a glowing silver altar of Zin.
  4266 | D:9      | Learned a level 1 spell: Confusing Touch
  4395 | D:10     | Entered Level 10 of the Dungeon
  4395 | D:10     | Noticed Sonja
  4397 | D:10     | Killed Sonja
  4397 | D:10     | Reached skill level 1 in Poison Magic
  4419 | D:10     | Found a staircase to the Lair.
  4522 | D:10     | Reached skill level 1 in Air Magic
  4650 | D:10     | Reached *** piety under Cheibriados
  4655 | D:10     | Gained mutation: You evolve. [potion of mutation]
  4655 | D:10     | Gained mutation: You passively map a small area around you. [potion of mutation]
  4655 | D:10     | Gained mutation: One of your tentacles bears a spike. [potion of mutation]
  5008 | D:10     | Gained mutation: You have a pair of small antennae on your head. [evolution]
  5256 | D:11     | Reached skill level 6 in Shields
  5265 | D:11     | Reached skill level 10 in Unarmed Combat
  5313 | D:11     | Noticed a two-headed ogre
  5321 | D:11     | Killed a two-headed ogre
  5321 | D:11     | Reached **** piety under Cheibriados
  5321 | D:11     | Reached skill level 5 in Evocations
  5321 | D:11     | Reached XP level 11. HP: 43/74 MP: 15/15
  5400 | D:11     | You fall through a shaft!
  5401 | D:12     | Noticed Erolcha
  5426 | D:12     | Learned a level 1 spell: Apportation
  5464 | D:12     | Noticed a cyclops
  5474 | D:12     | Killed a cyclops
  5650 | D:12     | Noticed Harold
  5673 | D:11     | Reached skill level 1 in Invocations
  5678 | D:11     | Found an ornate altar of the Wu Jian Council.
  5711 | D:11     | Gained mutation: You are resistant to hostile enchantments. (MR+) [evolution]
  5711 | D:11     | Lost mutation: You evolve. [end of evolution]
  5721 | D:11     | Learned a level 4 spell: Animate Dead
  5752 | D:12     | Killed Harold
  5776 | D:12     | Reached skill level 7 in Shields
  5872 | D:12     | Noticed a great orb of eyes
  5888 | D:12     | Killed a great orb of eyes
  6048 | D:11     | Noticed a green ugly thing
  6057 | D:11     | Killed a green ugly thing
  6061 | D:11     | Gained mutation: One of your tentacles bears a nasty spike. [mutagenic meat]
  6062 | D:11     | Gained mutation: Your system is resistant to poisons. (rPois) [mutagenic meat]
  6125 | D:11     | Noticed a two-headed ogre
  6133 | D:11     | Killed a two-headed ogre
  6172 | D:11     | Noticed a five-headed hydra
  6449 | D:10     | Reached ***** piety under Cheibriados
  6499 | D:10     | Noticed Grum
  6504 | D:10     | Killed Grum
  6504 | D:10     | Reached XP level 12. HP: 75/81 MP: 18/18
  6533 | Lair:1   | Entered Level 1 of the Lair of Beasts
  6740 | Lair:1   | Noticed Nergalle
  6750 | Lair:1   | Killed Nergalle
  6750 | Lair:1   | Reached skill level 8 in Shields
  7034 | Lair:2   | Noticed Toogi's ghost (journeyman DrTm)
  7148 | Lair:2   | Killed Toogi's ghost
  7215 | Lair:3   | Learned a level 3 spell: Conjure Flame
  7219 | Lair:3   | Found a frozen archway.
  7219 | Lair:3   | Noticed Gastronok
  7231 | Lair:3   | Killed Gastronok
  7231 | Lair:3   | Reached skill level 5 in Invocations
  7248 | IceCv    | Entered an ice cave
  7337 | IceCv    | Killed a reaper
  7450 | IceCv    | Reached skill level 5 in Poison Magic
  7699 | Lair:3   | Reached skill level 5 in Spellcasting
  7721 | Lair:3   | Reached skill level 11 in Shields
  7721 | Lair:3   | Reached XP level 13. HP: 81/88 MP: 20/20
  7747 | Lair:3   | Noticed Urug
  7759 | Lair:3   | Killed Urug
  7768 | Lair:3   | Reached ****** piety under Cheibriados
  7774 | Lair:3   | Reached XP level 14. HP: 90/94 MP: 21/21
  7803 | Lair:3   | Found a staircase to the Swamp.
  8205 | Lair:4   | Reached skill level 5 in Air Magic
  8574 | Lair:5   | Found a staircase to the Slime Pits.
  8574 | Lair:5   | Found a viscous altar of Jiyva.
  8700 | Lair:6   | Entered Level 6 of the Lair of Beasts
  8729 | Lair:6   | Found a labyrinth entrance.
  8759 | Lab      | Entered a labyrinth
  9358 | Lab      | Identified a scroll of acquirement
  9359 | Lab      | Got a bloodstained buckler
  9370 | Lab      | Identified the +1 buckler "Laacou Juqo" {rC+} (You acquired it in a labyrinth)
  9390 | Lab      | Got an ichor-stained whip
  9391 | Lab      | Identified the cursed +1 whip of Indomitability {drain, Int+4 Stlth+} (You found it in a labyrinth)
  9563 | Lair:6   | Reached skill level 1 in Conjurations
  9608 | Lair:6   | Reached skill level 12 in Shields
  9900 | Lair:6   | Learned a level 6 spell: Freezing Cloud
  9947 | Lair:6   | Reached skill level 1 in Ice Magic
 10270 | Orc:1    | Entered Level 1 of the Orcish Mines
 10270 | Orc:1    | Noticed an orc warlord
 10288 | Orc:1    | Noticed an orc warlord
 10295 | Orc:1    | Killed an orc warlord
 10295 | Orc:1    | Reached XP level 15. HP: 45/100 MP: 16/24
 10376 | Orc:1    | Killed an orc warlord
 10546 | Orc:1    | You fall through a shaft!
 10546 | Orc:2    | Entered Level 2 of the Orcish Mines
 10621 | Orc:2    | Found Nunk's General Store.
 10626 | Orc:2    | Found Roloeh's Distillery.
 10907 | Orc:2    | Found Atiwkuot's Gadget Emporium.
 10907 | Orc:2    | Found Qategepn's Antique Armour Shoppe.
 10911 | Orc:2    | Found a one-way gate leading to the halls of Pandemonium.
 10948 | Orc:2    | Bought a potion of heal wounds for 65 gold pieces
 10948 | Orc:2    | Bought 2 potions of curing for 78 gold pieces
 10948 | Orc:2    | Bought a potion of heal wounds for 65 gold pieces
 10950 | Orc:2    | Bought a scroll of teleportation for 45 gold pieces
 11014 | Orc:2    | Found a staircase to the Elven Halls.
 11053 | Orc:2    | Found Quto's General Store.
 11061 | Orc:2    | Bought a book of Transfigurations for 605 gold pieces
 11101 | Orc:2    | Noticed Azrael
 11108 | Orc:2    | Killed Azrael
 11387 | D:11     | Gained mutation: You are somewhat resistant to further mutation. [mutagenic meat]
 11518 | D:13     | Found a gate to the Vaults.
 11537 | D:13     | Reached skill level 13 in Shields
 11661 | D:13     | Found Wutzatoj's Jewellery Shoppe.
 11691 | D:13     | Reached skill level 5 in Conjurations
 11806 | D:14     | Reached XP level 16. HP: 108/108 MP: 27/27
 11850 | D:14     | Learned a level 6 spell: Statue Form
 11924 | D:14     | Found a portal to a secret trove of treasure.
 12042 | D:14     | Reached skill level 10 in Dodging
 12063 | D:14     | Gained mutation: Your muscles are strong. (Str +2) [mutagenic meat]
 12071 | D:14     | Lost mutation: One of your tentacles bears a nasty spike. [mutagenic meat]
 12111 | D:14     | Reached skill level 1 in Transmutations
 12111 | D:14     | Reached skill level 1 in Earth Magic
 12142 | D:14     | Reached skill level 5 in Ice Magic
 12168 | D:15     | Entered Level 15 of the Dungeon
 12410 | D:15     | Found a staircase to the Depths.
 12943 | Swamp:1  | Entered Level 1 of the Swamp
 13096 | Swamp:1  | Noticed Frances
 13114 | Swamp:1  | Killed Frances
 14060 | Swamp:4  | Entered Level 4 of the Swamp
 14101 | Swamp:4  | Reached skill level 5 in Earth Magic
 14175 | Swamp:4  | Reached skill level 5 in Transmutations
 14183 | Swamp:4  | Reached XP level 17. HP: 34/113 MP: 30/30
 14454 | Swamp:4  | Reached skill level 14 in Shields
 14787 | Swamp:4  | Reached skill level 10 in Spellcasting
 15030 | Swamp:4  | Gained mutation: You are dopey. (Int -2) [mutagenic meat]
 15031 | Swamp:4  | Gained mutation: You are agile. (Dex +2) [mutagenic meat]
 15053 | Swamp:4  | Got a decaying rune of Zot
 15503 | Lair:4   | Found a hole to the Spider Nest.
 15514 | Spider:1 | Entered Level 1 of the Spider Nest
 15683 | Spider:2 | Noticed Aizul
 15694 | Spider:2 | Killed Aizul
 16076 | Spider:4 | Entered Level 4 of the Spider Nest
 16085 | Spider:4 | Reached XP level 18. HP: 118/118 MP: 30/32
 16102 | Spider:4 | Noticed Arachne
 16114 | Spider:4 | Killed Arachne
 16114 | Spider:4 | Reached skill level 15 in Shields
 16185 | Spider:4 | Lost mutation: You are dopey. (Int -2) [mutagenic meat]
 16384 | Spider:4 | Got a gossamer rune of Zot
 16843 | D:13     | Bought a +5 ring of evasion for 605 gold pieces
 17031 | Elf:1    | Entered Level 1 of the Elven Halls
 17042 | Elf:1    | Learned a level 6 spell: Deflect Missiles
 17302 | Elf:2    | Reached skill level 10 in Fighting
 17302 | Elf:2    | Reached skill level 1 in Charms
 17375 | Elf:3    | Entered Level 3 of the Elven Halls
 17427 | Elf:3    | Noticed a Tzitzimitl
 17438 | Elf:3    | Cast into level 3 of the Abyss (a deep elf sorcerer)
 17440 | Abyss:3  | Found a corrupted altar of Lugonu.
 17481 | Abyss:3  | Noticed a bone dragon
 17496 | Abyss:3  | Killed a bone dragon
 17513 | Abyss:3  | Gained mutation: You are dopey. (Int -2) [mutagenic meat]
 17515 | Abyss:3  | Lost mutation: You have a pair of small antennae on your head. [mutagenic meat]
 17586 | Abyss:3  | Learned a level 4 spell: Summon Lightning Spire
 17625 | Abyss:4  | Found a corrupted altar of Lugonu.
 17650 | Elf:3    | Escaped the Abyss
 17661 | Elf:3    | Reached XP level 19. HP: 126/126 MP: 34/34
 17678 | Elf:3    | Reached skill level 10 in Air Magic
 17718 | Elf:3    | Reached skill level 5 in Necromancy
 17792 | Elf:3    | Noticed a Brimstone Fiend
 17843 | Elf:3    | Got a flickering platinum amulet
 17844 | Elf:3    | Identified the amulet "Zepryl" {Spirit rN+ MR+ Str-3 Dex+3} (You found it on level 3 of the Elven Halls)
 17897 | Elf:3    | Got a faintly glowing platinum ring
 17898 | Elf:3    | Identified the ring of Salvation {rElec rC+ MR+ Str+2 Slay+5} (You found it on level 3 of the Elven Halls)
 17930 | Elf:3    | Identified the Disquisition on Unstable Feathers
 18365 | Vaults:1 | Entered Level 1 of the Vaults
 18707 | Vaults:2 | Lost mutation: You are dopey. (Int -2) [mutagenic meat]
 18778 | Vaults:2 | Noticed Saint Roka
 18793 | Vaults:2 | Noticed Mara
 18801 | Vaults:2 | Noticed M4edhros's illusion
 19292 | Vaults:3 | Lost mutation: Your muscles are strong. (Str +2) [mutagenic meat]
 19295 | Vaults:3 | Gained mutation: Your muscles are strong. (Str +2) [mutagenic meat]
 19450 | Vaults:3 | Reached XP level 20. HP: 134/134 MP: 36/36
 19694 | Vaults:4 | Learned a level 2 spell: Song of Slaying
 19830 | Vaults:5 | Entered Level 5 of the Vaults
 19834 | Vaults:5 | Noticed a golden dragon
 19834 | Vaults:5 | Noticed a golden dragon
 19843 | Vaults:5 | Noticed a golden dragon
 19844 | Vaults:5 | Killed a golden dragon
 19844 | Vaults:5 | Killed a golden dragon
 19855 | Vaults:4 | Killed a ghostly golden dragon
 19928 | Vaults:4 | Killed a golden dragon
 20050 | Vaults:5 | Reached XP level 21. HP: 141/141 MP: 20/38
 20059 | Vaults:5 | HP: 5/141 [sphinx/divine providence (11)]
 20060 | Vaults:5 | Slain by a harpy

Vault maps used:
D:1:      grunt_arrival_lava_bath
D:2:      minitemple, roderic_malta_cross, yredelemnul_altar_generic
D:3:      gammafunk_temple_overflow_pools, gammafunk_temple_overflow_elements,
          first_bread, fedhas_altar_3
D:4:      uniq_eustachio, uniq_grinder, uniq_edmund
D:5:      serial_shops, kennysheep_mini_moat
D:7:      minmay_temple_entry_enclosed_plants, basic_altar, serial_shops,
          kennysheep_mini
D:8:      lemuel_crystal_altar
D:9:      zin_scriptorium, minmay_orc_entry_temple_small, serial_shops, shop,
          hangedman_pestilent_swarm, hangedman_abyss_or_decor_passed, uniq_pikel
D:10:     minmay_lair_entry_lava, uniq_grum, uniq_sonja
D:11:     lemuel_upstairs_altar
D:12:     serial_glass, glass_columns_a, glass_columns_b, glass_columns_a,
          glass_columns_a, glass_columns_a, glass_columns_a, glass_columns_a,
          glass_columns_a, glass_columns_b, glass_columns_a, uniq_erolcha,
          uniq_harold
D:13:     minmay_stepped, erik_vaults_2, serial_shops, shop_statue
D:14:     nicolae_trove_entry_diagonal
D:15:     grunt_enter_depths_magical_seal, hangedman_decor_growths
Temple:   minmay_temple_bridge_abc
Lair:1:   grunt_megastairs_5, uniq_nergalle
Lair:2:   infiniplex_staircase_pool_2
Lair:3:   minmay_swamp_entry_eels, portal_ice_cave_entry_pillars_2,
          uniq_gastronok, uniq_urug
Lair:4:   dummy_spider_entry, serial_bayou_shore_a, grunt_megastairs_4
Lair:5:   slime_altar_1, disabler_island
Lair:6:   evilmike_catoblepas_cave, lab_entry_generic,
          grunt_forest_large_clearing_hut, grunt_megastairs_2
Swamp:1:  infiniplex_staircase_pool, uniq_frances, uniq_donald
Swamp:2:  serial_swamp_ruin, evilmike_swamp_ruin_house_5,
          evilmike_swamp_ruin_house_3, evilmike_swamp_ruin_house_6,
          st_shrine_of_shade
Swamp:3:  nicolae_swamp_fairy_circle
Swamp:4:  swamp_vile, swamp_pool5, grunt_witch_cave
Spider:1: nicolae_spider_webs_and_nodes
Spider:2: nicolae_looking_at_the_future, uniq_aizul
Spider:3: spider_trap
Spider:4: grunt_spider_rune_island, uniq_arachne
Orc:1:    nicolae_orc_damp_corner
Orc:2:    pf_orc_diabolical, serial_shops, shop, sword_in_stone, uniq_azrael
Elf:1:    eino_elf_arrival_shootout, hangedman_elven_crosses_minicolossus,
          lemuel_flamethrower_2
Elf:2:    bh_hangedman_babel_library
Elf:3:    minmay_elf_hall_curves, minmay_misc_feat_ornament, hex_large
Vaults:1: v_rooms_3, vaults_dpeg_hooks, ontoclasm_vaults_ring_square,
          grunt_vaults_swirl, nicolae_vaults_mini_display_case,
          vaults_dpeg_encased_lava, v_misc_30, v_misc_10, v_misc_33
Vaults:2: minmay_crypt_entry_simple_round, nicolae_vaults_circle_grid_b,
          hangedman_vaults_impose, vaults_mumra_hexcomb, vaults_mumra_chevron,
          v_alt_pattern_1, vaults_room_stairs_pillars, ontoclasm_vaults_hangar,
          ontoclasm_vaults_ring_large, ontoclasm_vaults_loading_screen,
          nicolae_vaults_yaktaur_gun_rack, uniq_frederick, uniq_saint_roka,
          uniq_margery, uniq_mara
Vaults:3: nicolae_vaults_bisected_slash, v_misc_28, nicolae_vaults_meeting,
          ontoclasm_vaults_ring_small, ontoclasm_vaults_twist,
          ontoclasm_vaults_shuriken, v_misc_4,
          nicolae_vaults_windows_and_doors_thing, stair_cage_open, v_misc_10,
          vaults_room_semicircle, ontoclasm_vaults_chip,
          vaults_room_fancy_cross, nicolae_vaults_angled_halls,
          grunt_vaults_funnel, ontoclasm_vaults_fault, v_misc_22
Vaults:4: st_cross, v_rooms_1, v_alt_pattern_6, hangedman_vaults_corner_blocks,
          v_rooms_6, vaults_standard_mumra_lines
Abyss:3:  guppyfry_abyss_exit_spiral_guarded
Abyss:4:  bh_silent_lugonu_exit, due_evilmike_abyss_rune_seething_liches,
          grunt_abyss_exit_deep_breaths
Lab:      nicolae_lab_do_over, labyrinth_glass_1, nicolae_lab_grate
IceCv:    ice_cave_small_demon

Skill      XL: |  1  2  3  4  5  6  7  8  9 10 11 12 13 14 15 16 17 18 19 20 |
---------------+-------------------------------------------------------------+-----
Unarmed Combat | 1 2 3 4 5 7 8 9 10 11 12 | 12.6
Fighting       | 2 4 5 6 7 8 9 10 11 | 11.5
Dodging        | 3 5 6 7 8 9 10 11 | 11.2
Evocations     | 3 5 8 |  8.8
Shields        | 4 6 7 11 12 13 14 15 | 15.3
Poison Magic   | 2 3 5 6 |  6.3
Air Magic      | 2 3 4 7 8 9 11 | 11.2
Spellcasting   | 3 4 5 6 7 9 10 11 12 13 | 13.6
Invocations    | 3 6 7 |  7.6
Conjurations   | 2 5 |  5.1
Ice Magic      | 2 4 6 |  6.6
Transmutations | 5 7 8 |  8.8
Earth Magic    | 5 7 9 |  9.1
Charms         | 2 4 |  4.2
Necromancy     | 6 9 |  9.1
Stealth        | |  2.6

Action                   |  1- 3 |  4- 6 |  7- 9 | 10-12 | 13-15 | 16-18 | 19-21 || total
-------------------------+-------+-------+-------+-------+-------+-------+-------++-------
Melee: Unarmed           |    42 |    89 |   253 |   514 |   731 |  1134 |   418 ||  3181
       Tentacles         |     7 |    18 |    53 |   219 |   362 |   514 |   166 ||  1339
       Constrict         |     8 |    21 |    37 |    67 |   124 |   166 |    79 ||   502
       Punch             |     2 |     1 |    18 |    91 |   149 |   239 |    70 ||   570
       Kick              |       |       |       |   292 |   549 |   803 |   256 ||  1900
       Whip              |       |       |       |       |     7 |       |       ||     7
Throw: Javelin           |       |       |     4 |       |       |       |       ||     4
 Cast: Pain              |    31 |     8 |    19 |     1 |     1 |       |       ||    60
       Animate Skeleton  |     2 |     3 |    13 |    35 |     8 |       |       ||    61
       Regeneration      |     3 |     9 |    20 |    33 |    39 |    64 |    25 ||   193
       Apportation       |       |       |       |     2 |    34 |    38 |     5 ||    79
       Animate Dead      |       |       |       |     2 |    37 |    72 |    19 ||   130
       Mephitic Cloud    |       |       |       |       |    18 |     1 |     1 ||    20
       Conjure Flame     |       |       |       |       |     3 |     3 |       ||     6
       Blink             |       |       |       |       |     1 |     6 |       ||     7
       Freezing Cloud    |       |       |       |       |     1 |     1 |       ||     2
       Statue Form       |       |       |       |       |       |    23 |    22 ||    45
       Deflect Missiles  |       |       |       |       |       |     1 |     2 ||     3
Invok: Slouch            |       |       |       |       |     9 |    10 |     7 ||    26
       Bend Time         |       |       |       |       |       |       |     1 ||     1
Evoke: Wand              |       |       |     7 |     7 |    11 |    27 |     5 ||    57
       Lamp of fire      |       |       |       |     2 |     2 |     2 |       ||     6
  Use: Potion            |     2 |     4 |     1 |     4 |     4 |    10 |       ||    25
       Scroll            |       |    14 |     9 |     9 |     7 |    10 |     8 ||    57
 Stab: Sleeping          |     3 |     7 |     9 |    20 |     9 |    23 |     7 ||    78
       Distracted        |       |       |     1 |     2 |     9 |    31 |     5 ||    48
       Confused          |       |       |       |       |    18 |       |     1 ||    19
       Fleeing           |       |       |       |       |     1 |       |       ||     1
       Paralysed         |       |       |       |       |       |    15 |       ||    15
  Eat: Chunk             |       |     1 |     5 |     9 |     5 |    44 |    22 ||    86
       Bread ration      |       |     1 |     1 |     1 |     4 |     1 |     2 ||    10
       Royal jelly       |       |       |       |       |       |     4 |       ||     4
Armor: Skin              |     6 |    14 |    21 |    45 |    26 |   181 |   108 ||   401
Dodge: Dodged            |    25 |    47 |    97 |   271 |   359 |  1031 |   606 ||  2436
       Deflected         |       |       |       |       |       |     6 |    23 ||    29
Block: Shield            |       |       |    38 |   322 |   510 |  1154 |   634 ||  2658
